 Dungeon Crawl Stone Soup version 0.30-a0-777-ga9a30cbeda (webtiles) character file.

Game seed: 5496474390565592647

3994 Zenkrye the Spear-Bearer (level 10, -9/76 HPs)
             Began as a Human Cinder Acolyte on Feb 14, 2023.
             Was a High Priest of Ignis.
             Succumbed to a hornet's poison
             ... on level 8 of the Dungeon.
             The game lasted 00:30:36 (9892 turns).

Zenkrye the Spear-Bearer (Human Cinder Acolyte)     Turns: 9892, Time: 00:30:36

Health: -9/76      AC:  9    Str: 18    XL:     10   Next: 46%
Magic:  2/11       EV: 13    Int: 15    God:    Ignis [*****.]
Gold:   321        SH:  0    Dex: 15    Spells: 9/11 levels left

rFire   + + .      SeeInvis .    a - -1 spear (flame)
rCold   + . .      Faith    .    (no shield)
rNeg    . . .      Spirit   +    H - +0 acid dragon scales
rPois   .          Reflect  .    l - +0 helmet
rElec   .          Harm     .    p - scarf {rC+ rF+}
rCorr   +          Rampage  .    (no gloves)
Will    .....                    q - +0 pair of boots
Stlth   +                        e - amulet of guardian spirit
HPRegen 0.32/turn                B - ring of flight
MPRegen 0.12/turn                s - +6 ring of dexterity

@: lethally poisoned (-9 -> -40), flying, slowed, very slow
A: no striking features
a: Renounce Religion, Fiery Armour, Foxfire Swarm, Rising Flame


You were on level 8 of the Dungeon.
You worshipped Ignis.
Ignis was extremely pleased with you.
You visited 1 branch of the dungeon, and saw 9 of its levels.

You collected 321 gold pieces.

Inventory:

Hand Weapons
 a - a -1 spear of flaming (weapon)
 y - a +0 trident
 z - a +0 spear
Missiles
 t - 8 boomerangs (quivered)
 C - 5 silver boomerangs
Armour
 b - a +0 robe
 g - a +1 ring mail
 j - a +0 robe of cold resistance
 l - a +0 helmet (worn)
 o - a +0 chain mail
 p - a scarf of resistance (worn)
 q - a +0 pair of boots (worn)
 w - a +1 robe of resistance
 H - +0 acid dragon scales (worn)
Jewellery
 c - a ring of ice
 e - an amulet of guardian spirit (around neck)
 r - a ring of resist corrosion
 s - a +6 ring of dexterity (right hand)
 B - a ring of flight (left hand)
 F - a ring of willpower
Wands
 D - a wand of polymorph (2)
 E - a wand of flame (22)
Scrolls
 m - 2 scrolls of amnesia
 A - 2 scrolls of magic mapping
Potions
 d - 5 potions of heal wounds {@q2}
 f - 3 potions of brilliance
 h - 2 potions of resistance {@q6}
 k - 3 potions of curing {@q1}
 n - a potion of ambrosia
 v - a potion of might {@q4}
 x - a potion of invisibility


   Skills:
 + Level 5.7 Fighting
 * Level 11.1 Polearms
 + Level 4.6 Armour
 + Level 4.5 Dodging
 - Level 1.0 Spellcasting
 - Level 5.0 Fire Magic
 - Level 3.0 Evocations


You had 9 spell levels left.
You knew the following spells:

 Your Spells              Type           Power      Damage    Failure   Level
a - Scorch                Fire           30%        2d6       6%          2

Your spell library contained the following spells:

 Spells                   Type           Power      Damage    Failure   Level
 Freeze                   Ice            0%         1d3       30%         1
 Necrotise                Necr           0%         1d4       30%         1
 Frozen Ramparts          Ice            0%         1d1       67%         3
 Gell's Gravitas          Tloc           0%         N/A       67%         3
 Portal Projectile        Hex/Tloc       0%         N/A       67%         3
 Teleport Other           Tloc           0%         N/A       67%         3
 Tukima's Dance           Hex            0%         N/A       67%         3
 Vampiric Draining        Necr           0%         2d6       67%         3
 Vhi's Electric Charge    Tloc/Air       0%         N/A       67%         3
 Ice Form                 Ice/Tmut       0%         N/A       97%         4
 Passage of Golubria      Tloc           0%         N/A       97%         4
 Summon Ice Beast         Ice/Summ       0%         N/A       97%         4
 Agony                    Necr           0%         N/A       100%        5
 Arcjolt                  Conj/Air       0%         1d10      100%        5
 Blade Hands              Tmut           0%         N/A       100%        5
 Silence                  Hex/Air        0%         N/A       100%        5
 Dispersal                Tloc           0%         N/A       100%        6
 Lehudib's Crystal Spear  Conj/Erth      0%         10d2      100%        8
 Maxwell's Capacitive Co  Air            0%         ∞         100%        8


Dungeon Overview and Level Annotations

Branches:
Dungeon (9/15)             Temple (0/1) D:5
   Lair: D:8-11         Orc: D:9-12

Altars:
Cheibriados
Elyvilon
Fedhas
Qazlal
Sif Muna
Vehumet
Zin
The Shining One

Annotations:
D:3 1 runed translucent door, Crazy Yiuf, Sigmund


Message History

You feel very sick. The hornet barely misses you. The hornet misses you.
You hit the hornet but do no damage.
You feel sick. The hornet barely misses you.
You hit the hornet. You burn the hornet.
The hornet is lightly wounded.
You feel sick. The hornet stings you.
You are more poisoned.
You feel as though you will be slow longer.
You miss the hornet.
The hornet is lightly wounded.
You feel very sick. The hornet stings you!
You feel as though you will be slow longer.
You hit the hornet. You burn the hornet.
The hornet is lightly wounded.
You feel very sick. The hornet misses you. The hornet stings you!
* * * LOW HITPOINT WARNING * * *
You are lethally poisoned!
You suddenly lose the ability to move!
* * * LOW HITPOINT WARNING * * *
You feel very sick. The hornet completely misses you.
* * * LOW HITPOINT WARNING * * *
You feel very sick. The hornet stings you.
You are more poisoned.
You feel as though you will be slow longer.
The hornet stings you but does no damage.
* * * LOW HITPOINT WARNING * * *
You feel very sick. The hornet stings you.
You are more poisoned.
You feel as though you will be slow longer.
You can move again.
As you read the scroll of fear, it crumbles to dust.
You assume a fearsome visage.
The hornet looks frightened!
The orc looks frightened! x2
You die...

........####..#####.......#
....#...####..# #.......#######
.##.##.(#.....# #..............
..........##.######.>......######
###.##..###...##...........#
....##..........o..........#
######.####...##o#...#.###.#
#...##...###y#...#.....#
#...##.#.###@#...#.#####
#........(...#........####
#####......####......#.#.....#
#...)..###....#.##..##.#.....#
.......###.##.#.##.<##.......#
#......##...#.#.##..####.....#
###......._.........####.....#
##....#.#...##..##....†.>.####
#.....#.##.###..####.######


You could see a hornet (fleeing) and 2 orcs.

Vanquished Creatures
  4 yaks
  A steam dragon (D:7)
  An acid dragon (D:8)
  3 orc warriors
  3 sky beasts
  A black bear (D:8)
  4 ice beasts
  4 ogres (D:7)
  3 centaurs (D:7)
  2 kobold brigands
  A phantom (D:6)
  2 necrophages (D:6)
  A bullfrog (D:6)
  4 scorpions
  2 killer bees (D:8)
  A jelly (D:5)
  An orc priest (D:7)
  6 gnoll boudas (D:7)
  2 iguanas
  7 orc wizards
  22 gnolls
  11 adders
  A white imp (D:6)
  A worm (D:2)
  23 orcs
  3 bats
  7 endoplasms
  2 giant cockroaches
  6 goblins
  6 hobgoblins
  2 jackals (D:5)
  3 quokkas (D:3)
  8 ball pythons
  A frilled lizard (D:2)
  11 kobolds
  3 rats
163 creatures vanquished.

Vanquished Creatures (others)
  An orc wizard (D:7)
  6 fungi (D:7)
  18 plants (D:7)
25 creatures vanquished.

Grand Total: 188 creatures vanquished

Notes
Turn   | Place    | Note
-------+----------+-------------------------------------------
     0 | D:1      | Zenkrye the Human Cinder Acolyte began the quest for the
                  | Orb.
     0 | D:1      | Reached XP level 1. HP: 18/18 MP: 2/2
    73 | D:1      | Reached XP level 2. HP: 20/24 MP: 1/3
    76 | D:1      | Learned a level 2 spell: Scorch
  1110 | D:2      | Reached XP level 3. HP: 27/29 MP: 1/4
  1146 | D:2      | Identified the +2 dagger of Vanity {freeze, rPois Will-
                  | Str+3 Int+4}
  1647 | D:3      | Reached skill level 4 in Polearms
  1697 | D:3      | Reached XP level 4. HP: 34/35 MP: 5/5
  1995 | D:3      | Noticed Sigmund
  2223 | D:3      | Found a glowing silver altar of Zin.
  2511 | D:3      | Reached XP level 5. HP: 41/41 MP: 6/6
  2771 | D:3      | Found a runed translucent door.
  2772 | D:3      | Noticed Crazy Yiuf
  2921 | D:4      | Noticed a sky beast
  3089 | D:4      | Reached skill level 5 in Polearms
  3288 | D:4      | Reached XP level 6. HP: 43/47 MP: 3/7
  3358 | D:4      | Found a white marble altar of Elyvilon.
  3390 | D:4      | Killed a sky beast
  3391 | D:4      | Reached skill level 6 in Polearms
  3506 | D:4      | Reached XP level 7. HP: 28/52 MP: 1/8
  3606 | D:4      | Found a radiant altar of Vehumet.
  3729 | D:4      | Found a shimmering blue altar of Sif Muna.
  3907 | D:4      | Reached skill level 5 in Fire Magic
  3927 | D:4      | Got Sif Muna's Enchiridion on Rime
  4050 | D:5      | Entered Level 5 of the Dungeon
  4068 | D:5      | Reached skill level 7 in Polearms
  4540 | D:5      | Reached skill level 8 in Polearms
  4540 | D:5      | Reached XP level 8. HP: 58/58 MP: 2/9
  4679 | D:5      | Found a staircase to the Ecumenical Temple.
  5080 | D:6      | Reached skill level 9 in Polearms
  5080 | D:6      | Reached skill level 1 in Armour
  5080 | D:6      | Reached skill level 1 in Dodging
  5754 | D:6      | Found a snail-covered altar of Cheibriados.
  6128 | D:7      | Found a stormy altar of Qazlal.
  6145 | D:7      | Reached XP level 9. HP: 56/64 MP: 7/10
  6172 | D:7      | Reached skill level 1 in Evocations
  6595 | D:7      | Found a blossoming altar of Fedhas.
  7461 | D:7      | Reached skill level 10 in Polearms
  8096 | D:7      | Reached XP level 10. HP: 54/73 MP: 5/11
  8275 | D:7      | Reached skill level 5 in Fighting
  9146 | D:8      | Reached skill level 11 in Polearms
  9222 | D:8      | Found a glowing golden altar of the Shining One.
  9888 | D:8      | Paralysed by a hornet for 3 turns
  9891 | D:8      | HP: 1/76 [poisoned by a hornet]
  9892 | D:8      | Succumbed to a hornet's poison

Illustrated notes

Levels and vault maps discovered:
D:1:      minmay_arrival_radiant_lines, layout_loops_ring
D:2:      layout_basic, kennysheep_potato
D:3:      layout_basic, zin_statuary, nicolae_kite_square_tiling_tiny,
          serial_bayou_pond_b, uniq_sigmund, uniq_crazy_yiuf_cottage
D:4:      layout_basic, old_standard_altar, led_sif_book,
          mainiacjoe_overflow_alcove_4, grunt_decor_one_mirror
D:5:      layout_rooms, temple_statues
D:6:      layout_gridville, mainiacjoe_overflow_alcove_2
D:7:      kennysheep_seaside_town, layout_basic, grunt_qazlal_clouds,
          mainiacjoe_overflow_six_doors_small
D:8:      layout_loops_cross, nicolae_overflow_crystal_walls
D:9:      layout_roguey, erik_lair_orcish_takeover, minmay_increasing_density

Skill      XL: |  1  2  3  4  5  6  7  8  9 10 |
---------------+-------------------------------+-----
Polearms       | 4 5 6 8 9 10 11 | 11.1
Fire Magic     | 4 5 |  5.0
Armour         | 1 3 4 |  4.6
Dodging        | 1 3 4 |  4.5
Evocations     | 3 |  3.0
Fighting       | 4 5 |  5.7
Spellcasting   | |  1.0

Action                     |  1- 3 |  4- 6 |  7- 9 | 10-12 || total
---------------------------+-------+-------+-------+-------++-------
  Melee: Spear             |   104 |   226 |   493 |   134 ||   957
         Punch             |       |       |     9 |     2 ||    11
  Throw: Boomerang         |       |     8 |    34 |     6 ||    48
   Cast: Scorch            |     2 |    16 |    70 |    11 ||    99
  Evoke: Wand              |       |       |     3 |     6 ||     9
    Use: Scroll            |     7 |       |     9 |     5 ||    21
         Potion            |       |       |     1 |       ||     1
   Stab: Sleeping          |     1 |       |       |       ||     1
 Armour: Ring mail         |    32 |    93 |   115 |    12 ||   252
         Chain mail        |       |       |       |    18 ||    18
         Acid dragon scale |       |       |       |    12 ||    12
  Dodge: Dodged            |    31 |    79 |   153 |    54 ||   317

Table legend: (Time is in decaauts)
 A = Elapsed time spent in this place.
 B = Non-inter-level travel time spent in this place.
 C = Inter-level travel time spent in this place.
 D = Time resting spent in this place.
 E = Time spent auto-exploring this place.
 F = Levels seen in this place.
 G = Mean time per level.
                   A        B        C        D        E       F      G
               +--------+--------+--------+--------+--------+-----+--------+
         Total |   9645 |   9312 |    333 |   1784 |   5813 |   9 | 1071.7 |
       Dungeon |   9645 |   9312 |    333 |   1784 |   5813 |   9 | 1071.7 |
               +--------+--------+--------+--------+--------+-----+--------+

Top non-repeatable levels by time:
     D:7: 2376 daAuts
     D:8: 1217 daAuts
     D:3: 1200 daAuts
     D:4: 1140 daAuts
     D:5: 1117 daAuts
     D:2: 971 daAuts
     D:6: 923 daAuts
     D:1: 690 daAuts
     D:9: 8 daAuts
